 Dungeon Crawl Stone Soup version 0.29-a0-319-gad05b8d819 (webtiles) character file.

Game seed: 15643240665748662049

3272 tilp the Cleaver (level 10, -8/96 HPs)
             Began as a Mayflytaur Berserker on Apr 1, 2022.
             Was a Priest of Trog.
             Mangled by a manticore (15 damage)
             ... on level 11 of the Dungeon.
             The game lasted 00:15:15 (2674 turns).

tilp the Cleaver (Mayflytaur Berserker)             Turns: 2674, Time: 00:15:15

Health: -8/96      AC:  9    Str: 22    XL:     10   Next: 0%
Magic:  11/11      EV:  9    Int:  9    God:    Trog [***...]
Gold:   193        SH:  0    Dex: 15    Spells: 9/9 levels left

rFire   . . .      SeeInvis +   a - +1 hand axe
rCold   . . .      Faith    .   (no shield)
rNeg    . . .      Spirit   .   i - +0 chain mail
rPois   .          Reflect  .   (no helmet)
rElec   .          Harm     .   (no cloak)
rCorr   .          Rampage  .   (no gloves)
Will    +....                   (no boots)
Stlth   ..........              (no amulet)
HPRegen 0.26/turn               c - ring of see invisible
MPRegen 0.24/turn               (no ring)

@: on berserk cooldown, flying, slowed, very slow
A: damage resistance, big wings, sense surroundings 2, magic regeneration, short
lifespan
a: Renounce Religion, Berserk, Trog's Hand


You were on level 11 of the Dungeon.
You worshipped Trog.
Trog was most pleased with you.
You visited 1 branch of the dungeon, and saw 11 of its levels.
You also visited: Ossuary.

You collected 193 gold pieces.

Inventory:

Hand Weapons
 a - a +1 hand axe (weapon)
Missiles
 g - 133 stones (quivered)
 j - 3 throwing nets
 t - 3 boomerangs
Armour
 b - a +0 animal skin
 i - a +0 chain mail (worn)
 r - a +0 plate armour
Jewellery
 c - a ring of see invisible (left hand)
Wands
 o - a wand of iceblast (12)
Scrolls
 d - 2 scrolls of teleportation
 e - a scroll of vulnerability
 q - a scroll of enchant weapon
Potions
 f - a potion of lignification {unknown}
 l - a potion of haste
 m - 3 potions of curing
 n - 2 potions of ambrosia
 p - a potion of attraction
 s - a potion of resistance {unknown}
 u - 2 potions of magic {unknown}


   Skills:
 - Level 8.0 Fighting
 + Level 11.4 Axes
 - Level 4.0 Armour
 - Level 4.0 Dodging
 - Level 4.0 Stealth
 - Level 4.0 Evocations


You had 9 spell levels left.
You didn't know any spells.
Your spell library was empty.

Dungeon Overview and Level Annotations

Branches:
Dungeon (11/15)            Temple (0/1) D:4         Ossuary (visited)
   Lair: D:8-11         Orc: D:9-12

Altars:
Ru
Vehumet
Xom

Shops:
D:5 [=

Annotations:
D:9 Joseph


Innate Abilities, Weirdness & Mutations

You are resistant to damage.
Your large and strong wings let you fly.
You passively map the area around you.
You regenerate magic rapidly.
You are easily found by Zot.


Message History

The manticore bites you.
The manticore claws you. x2; The manticore bites you!
The manticore barely misses you. The manticore claws you!
* * * LOW HITPOINT WARNING * * *
You barely miss the manticore.
The manticore is lightly wounded.
The manticore bites you!
* * * LOW HITPOINT WARNING * * *
The manticore misses you. The manticore claws you.
* * * LOW HITPOINT WARNING * * *
You hit the manticore.
The manticore is moderately wounded.
The manticore completely misses you.
The manticore claws you but does no damage.
The manticore claws you!
* * * LOW HITPOINT WARNING * * *
You hit the manticore but do no damage.
The manticore is moderately wounded.
The manticore closely misses you.
The manticore claws you but does no damage. x2
You hit the manticore.
The manticore is moderately wounded.
The manticore bites you.
* * * LOW HITPOINT WARNING * * *
The manticore claws you!
* * * LOW HITPOINT WARNING * * *
The manticore claws you.
* * * LOW HITPOINT WARNING * * *
You hit the manticore.
The manticore is moderately wounded.
The manticore bites you.
* * * LOW HITPOINT WARNING * * *
The manticore claws you!
* * * LOW HITPOINT WARNING * * *
The manticore claws you but does no damage.
Unknown command.
Unknown command.
Unknown command.
Unknown command.
You feel better. The manticore bites you!!
You die...

,. #..# , ,,,
..########..# ,,, *, ,,
...........# , , ** ,
.........##+###. , *
,########.............,
, , ,#......'.........#
* #...<..#.....<...# *
,, ,#......#.........#
* ,, #......#.......@.#
, ,, ###+####.####...H#
, ,, , ,...# ###..# ,
** * +##.# #..# , , #.#
#..# * ,,, , ,*, #... ,
, , #.... ,,, , , ,, ,
#.... ,,*, , * *** , ,
*


You could see a manticore.

Vanquished Creatures
  Maggie (D:6)
  2 wraiths
  2 vampire mosquitoes (D:10)
  Menkaure (D:6)
  A water moccasin (D:6)
  4 orc warriors
  A sky beast (D:5)
  A black bear (D:6)
  An ice beast (D:7)
  An ogre (D:5)
  2 centaurs
  An elf zombie (Ossuary)
  A kobold brigand (D:8)
  A bullfrog (D:7)
  A gnoll sergeant (D:10)
  A scorpion (D:5)
  4 killer bees (D:10)
  A howler monkey (D:7)
  2 centaur zombies (Ossuary)
  2 human zombies (Ossuary)
  3 orc priests
  A hound (D:4)
  Jessica (D:2)
  A gnoll shaman (D:7)
  An iguana (D:4)
  9 orc wizards
  A hound zombie (Ossuary)
  3 mummies (Ossuary)
  15 gnolls
  3 adders
  A white imp (D:8)
  An ufetubus (D:5)
  2 adder zombies (Ossuary)
  A dart slug (D:2)
  14 orcs
  2 endoplasms
  A giant cockroach (D:4)
  2 gnoll zombies (Ossuary)
  2 goblins
  A hobgoblin (D:3)
  7 kobolds
  A quokka (D:1)
  4 ball pythons
  2 frilled lizards (D:2)
  4 goblin zombies (Ossuary)
  6 hobgoblin zombies (Ossuary)
  5 jackal zombies (Ossuary)
  3 kobold zombies (Ossuary)
  A quokka zombie (Ossuary)
  2 rats
  5 rat zombies (Ossuary)
136 creatures vanquished.

Vanquished Creatures (others)
  5 plants (D:5)
5 creatures vanquished.

Grand Total: 141 creatures vanquished

Notes
Turn   | Place    | Note
-------+----------+-------------------------------------------
     0 | D:1      | tilp the Mayflytaur Berserker began the quest for the Orb.
     0 | D:1      | Reached XP level 1. HP: 21/21 MP: 2/2
    73 | D:2      | Reached XP level 2. HP: 28/28 MP: 3/3
   122 | D:2      | Noticed Jessica
   128 | D:2      | Killed Jessica
   129 | D:2      | Reached skill level 4 in Axes
   129 | D:2      | Reached XP level 3. HP: 30/36 MP: 4/4
   356 | D:4      | Reached skill level 5 in Axes
   356 | D:4      | Reached XP level 4. HP: 44/44 MP: 5/5
   425 | D:4      | Reached XP level 5. HP: 22/50 MP: 6/6
   430 | D:4      | Reached ** piety under Trog
   496 | D:5      | Entered Level 5 of the Dungeon
   514 | D:4      | Found a staircase to the Ecumenical Temple.
   595 | D:4      | Reached skill level 6 in Axes
   630 | D:4      | Reached skill level 1 in Stealth
   630 | D:4      | Gained mutation: You regenerate magic rapidly. [Mayflytaur
                  | growth]
   630 | D:4      | Reached XP level 6. HP: 4/57 MP: 7/7
   631 | D:4      | HP: 1/57 [orc/+0 short sword (3)]
   693 | D:5      | Found Fyxzaqot's Armour Emporium.
   707 | D:5      | Found Xexzyiwkeg's Jewellery Shop.
   730 | D:5      | Noticed a sky beast
   744 | D:5      | Killed a sky beast
   745 | D:5      | Reached skill level 1 in Evocations
   746 | D:5      | HP: 3/87 [gnoll/+0 spear (2)]
   907 | D:5      | Reached XP level 7. HP: 18/66 MP: 8/8
  1114 | D:6      | Noticed Menkaure
  1120 | D:6      | Killed Menkaure
  1121 | D:6      | Reached skill level 7 in Axes
  1127 | D:6      | Reached skill level 5 in Fighting
  1136 | D:6      | Found a radiant altar of Vehumet.
  1137 | D:6      | Found a sacrificial altar of Ru.
  1138 | D:6      | Found a shimmering altar of Xom.
  1165 | D:6      | Noticed Maggie
  1166 | D:6      | Found a sand-covered staircase.
  1184 | D:6      | Killed Maggie
  1185 | D:6      | Reached skill level 8 in Axes
  1185 | D:6      | Reached XP level 8. HP: 66/76 MP: 9/9
  1207 | Ossuary  | Entered an ossuary
  1312 | Ossuary  | Glimpsed the power of Zot.
  1421 | Ossuary  | Reached *** piety under Trog
  1462 | Ossuary  | Reached skill level 9 in Axes
  1716 | D:7      | Noticed a wraith
  1721 | D:7      | Reached skill level 10 in Axes
  1729 | D:7      | Gained mutation: You passively map the area around you.
                  | [Mayflytaur growth]
  1729 | D:7      | Reached XP level 9. HP: 82/82 MP: 10/10
  2142 | D:9      | Noticed Joseph
  2359 | D:10     | Entered Level 10 of the Dungeon
  2459 | D:10     | Reached skill level 11 in Axes
  2573 | D:10     | Reached XP level 10. HP: 85/96 MP: 11/11
  2614 | D:11     | Noticed a manticore
  2673 | D:11     | HP: 1/96 [manticore (7)]
  2674 | D:11     | Mangled by a manticore

Illustrated notes

Levels and vault maps discovered:
D:1:      dpeg_arrival_rooms_with_view, layout_basic,
          shapermc_ecumenical_altar_mp_highgroup
D:2:      layout_loops_ring, uniq_jessica, uniq_terence
D:3:      layout_loops_cross
D:4:      layout_basic, minmay_temple_entry_crystal_x
D:5:      layout_basic, serial_shops, shop, shop,
          nicolae_shop_overgrown_old_shop, nicolae_take_the_stairs
D:6:      layout_rooms, nicolae_overflow_hallway_of_the_gods, enter_ossuary_3,
          minivault_27, hangedman_abyss_or_decor_jellyfish_corner,
          chequers_serial_rivers_micro_e, uniq_menkaure, uniq_maggie
D:7:      layout_loops_cross
D:8:      layout_basic, gammafunk_ghost_abyssal_escape
D:9:      layout_irregular_city, serial_shops, shop_statue, uniq_joseph
D:10:     layout_long_grid, serial_glass, glass_columns_a, glass_columns_b
D:11:     layout_irregular_city, grunt_lair_entry_orc_guard_hut

Skill      XL: |  1  2  3  4  5  6  7  8  9 |
---------------+----------------------------+-----
Axes           | 4 5 6 8 10 11 | 11.4
Fighting       | 4 5 6 8 |  8.0
Stealth        | 1 2 4 |  4.0
Evocations     | 1 2 4 |  4.0
Dodging        | 3 4 |  4.0
Armour         | 4 |  4.0

Action                   |  1- 3 |  4- 6 |  7- 9 | 10-12 || total
-------------------------+-------+-------+-------+-------++-------
Melee: Hand axe          |    54 |    90 |   422 |     8 ||   574
       Punch             |       |     1 |     9 |       ||    10
Invok: Berserk           |     3 |     5 |    13 |     1 ||    22
       Trog's Hand       |       |       |     2 |     1 ||     3
  Use: Scroll            |     3 |     5 |     6 |       ||    14
       Potion            |       |       |       |     1 ||     1
Armor: Animal skin       |     6 |     4 |       |       ||    10
       Chain mail        |       |    30 |   215 |     5 ||   250
Dodge: Dodged            |    37 |    34 |   181 |     7 ||   259

Table legend: (Time is in decaauts)
 A = Elapsed time spent in this place.
 B = Non-inter-level travel time spent in this place.
 C = Inter-level travel time spent in this place.
 D = Time resting spent in this place.
 E = Time spent auto-exploring this place.
 F = Levels seen in this place.
 G = Mean time per level.
                   A        B        C        D        E       F      G
               +--------+--------+--------+--------+--------+-----+--------+
         Total |   2848 |   2848 |      0 |    482 |     91 |  12 |  237.3 |
       Dungeon |   2407 |   2407 |      0 |    477 |      0 |  11 |  218.8 |
       Ossuary |    441 |    441 |      0 |      4 |     91 |   1 |  441.0 |
               +--------+--------+--------+--------+--------+-----+--------+

Top non-repeatable levels by time:
 Ossuary: 441 daAuts
     D:5: 431 daAuts
     D:4: 412 daAuts
     D:6: 336 daAuts
    D:10: 306 daAuts
     D:8: 272 daAuts
     D:7: 177 daAuts
     D:2: 135 daAuts
     D:9: 118 daAuts
     D:3: 116 daAuts
     D:1: 71 daAuts
    D:11: 25 daAuts
